 Dungeon Crawl Stone Soup version 0.22-a0-282-gdd34a7d (webtiles) character file.

110 Kairos the Chopper (level 4, 40/40 HPs)
             Began as a Hill Orc Fighter on Mar 17, 2018.
             Got out of the dungeon alive.
             The game lasted 00:04:12 (2317 turns).

Kairos the Chopper (Hill Orc Fighter)               Turns: 2317, Time: 00:04:12

Health: 40/40      AC:  9    Str: 19    XL:     4   Next: 91%
Magic:  4/4        EV:  4    Int:  8    God:
Gold:   107        SH:  9    Dex: 10    Spells: 3/3 levels left

rFire    . . .     SeeInvis .   y - -2 flail (curse)
rCold    + . .     Gourm    .   c - +0 shield
rNeg     . . .     Faith    .   s - -2 plate armour (curse)
rPois    .         Spirit   .   (no helmet)
rElec    .         Reflect  .   (no cloak)
rCorr    .         Harm     .   (no gloves)
MR       .....                  (no boots)
Stlth    ..........             (no amulet)
HPRegen  0.13/turn              u - +1 ring of evasion
MPRegen  0.09/turn              w - ring of protection from cold

@: no status effects
A: no striking features
a: no special abilities


You escaped.
You were hungry.

You visited 1 branch of the dungeon, and saw 3 of its levels.

You collected 107 gold pieces.

Inventory:

Hand Weapons
 a - a +0 war axe
 y - a cursed -2 flail (weapon)
Armour
 b - a +0 scale mail
 c - a +0 shield (worn)
 s - a cursed -2 plate armour (worn)
Jewellery
 u - a +1 ring of evasion (left hand)
 w - a ring of protection from cold (right hand)
Wands
 A - a wand of scattershot (8)
Scrolls
 g - 2 scrolls of remove curse {unknown}
 k - 2 scrolls of blinking {unknown}
 l - 2 scrolls of teleportation {unknown}
 p - 3 scrolls of magic mapping {unknown}
 q - a scroll of immolation {unknown}
 t - a scroll of enchant weapon {unknown}
 v - 2 scrolls of identify {unknown}
 z - a scroll of amnesia {unknown}
Potions
 d - a potion of might
 e - 3 potions of lignification {unknown}
 h - 2 potions of curing {unknown}
 i - a potion of mutation {unknown}
 j - a potion of invisibility {unknown}
 m - a potion of ambrosia {unknown}
 n - a potion of haste {unknown}
 o - 3 potions of degeneration {unknown}
 r - a potion of berserk rage {unknown}
 x - a potion of brilliance {unknown}
Comestibles
 f - 8 rations


   Skills:
 + Level 4.2 Fighting
 + Level 4.9 Axes
 + Level 3.7 Armour
 + Level 0.1 Dodging
 + Level 4.0 Shields


You had 3 spell levels left.
You didn't know any spells.

Dungeon Overview and Level Annotations

Branches:
Dungeon (3/15)

Altars:
Ashenzari
Gozag
Nemelex Xobeh
Yredelemnul
The Shining One


Message History

Done exploring.
Done exploring.
It sticks to your hand!
y - a cursed -2 flail (weapon)
You are feeling hungry.
You see here a leather armour.
You see here a dagger.
Things that are here:
a whip; a leather armour
There is an escape hatch in the ceiling here.
A mysterious force pulls you upwards. The hatch slams shut behind you.
There is a stone staircase leading up here.
You climb upwards.
There is a stone staircase leading down here.
You see here a dagger.
You see here a club.
There is a dry fountain here.
There is a staircase leading out of the dungeon here.
Are you sure you want to leave the Dungeon?
This will make you lose the game!
You have escaped!

# ###......................####.
# ##...##.####.####.####.##...##.
# #..###...##...##...##...###..#.
###.## #.⌠.##.⌠.##.⌠.##.⌠.# ##.#.
'.#.####...##...##...##...####.#.
#.#...###.####.####.####.###...#.
#.#†⌠.###.####.####.####.###.⌠.#.
#.#............................#.
#.##.##.........@..........##.##.
#.#.......................)....#.
#.#.⌠.###.####.####.####[###.⌠.#.
#.#...###.####.####.####†###...#.
#.#.####...##...##...##...####.#.
#.#.## #.⌠.##.⌠.##.⌠.##.⌠.# ##.#.
#.#..###...##...##...##...###..#.
#.##....#.####.####.####.##...##.
#.####......................####.


There were no monsters in sight!

Vanquished Creatures
  A gnoll (D:1)
  3 adders
  A worm (D:3)
  A dart slug (D:1)
  A leopard gecko (D:3)
  3 orcs (D:3)
  2 ball pythons (D:3)
  4 bats
  A giant cockroach (D:3)
  8 goblins
  10 hobgoblins
  3 quokkas
  4 frilled lizards
  8 kobolds
  12 rats
62 creatures vanquished.

Notes
Turn   | Place    | Note
-------+----------+-------------------------------------------
     0 | D:1      | Kairos the Hill Orc Fighter began the quest for the Orb.
     0 | D:1      | Reached XP level 1. HP: 19/19 MP: 1/1
   145 | D:1      | Found a shattered altar of Ashenzari.
   151 | D:1      | Reached XP level 2. HP: 27/27 MP: 2/2
   330 | D:1      | Reached XP level 3. HP: 30/33 MP: 3/3
  1051 | D:2      | Reached XP level 4. HP: 38/40 MP: 4/4
  1946 | D:3      | Found a basalt altar of Yredelemnul.
  1950 | D:3      | Found a sparkling altar of Nemelex Xobeh.
  1951 | D:3      | Found a shattered altar of Ashenzari.
  1952 | D:3      | Found a glowing golden altar of the Shining One.
  1952 | D:3      | Found an opulent altar of Gozag.
  2317 | D:$      | Got out of the dungeon alive.

Vault maps used:
D:1:      dpeg_arrival_chambers_temple_mockup, evilmike_ruin_ashenzari
D:3:      grunt_temple_overflow_open, first_ration

Skill      XL: |  1  2  3  4 |
---------------+-------------+-----
Fighting       | 4 |  4.2
Axes           | 3 4 |  4.9
Shields        | 4 |  4.0
Armour         | |  3.7
Dodging        | |  0.1

Action                   |  1- 3 |  4- 6 || total
-------------------------+-------+-------++-------
Melee: War axe           |   111 |    95 ||   206
  Eat: Chunk             |       |     4 ||     4
Armor: Scale mail        |    46 |       ||    46
       Plate armour      |     9 |    65 ||    74
Dodge: Dodged            |    27 |    15 ||    42
Block: Shield            |    52 |    46 ||    98

Table legend:
 A = Spawn XP
 B = Non-spawn XP
 C = Spawn XP percentage of total XP
 D = Spawn monster count
 E = Non-spawn monster count
 F = Spawn count percentage of total count
 G = Total turns spent on level
                    A         B        C        D         E        F      G
               +---------+---------+-------+---------+---------+-------+---------
         Total |       0 |     158 |   0.0 |       0 |      62 |   0.0 |  2317
               +---------+---------+-------+---------+---------+-------+---------
           D:1 |       0 |      57 |   0.0 |       0 |      28 |   0.0 |   750
           D:2 |       0 |      31 |   0.0 |       0 |      11 |   0.0 |   871
           D:3 |       0 |      70 |   0.0 |       0 |      23 |   0.0 |   696
               +---------+---------+-------+---------+---------+-------+---------
